 Dungeon Crawl Stone Soup version 0.19.0-22-gd96e5fe (webtiles) character file.

103 Melicamp the Sneak (level 4, 0/23 HPs)
             Began as a Spriggan Monk on Nov 19, 2016.
             Slain by a gnoll
             ... wielding a +0 halberd
              (16 damage)
             ... on level 3 of the Dungeon.
             The game lasted 00:11:51 (2828 turns).

Melicamp the Sneak (Spriggan Monk)                  Turns: 2828, Time: 00:11:52

Health: 0/23       AC:  3    Str:  7    XL:     4   Next: 51%
Magic:  5/5        EV: 20    Int: 11    God:
Gold:   116        SH:  0    Dex: 19    Spells: 0 memorised, 3 levels left

rFire  . . .     SeeInvis +     i - +2 dagger
rCold  . . .     Gourm    .     b - +0 robe
rNeg   . . .     Faith    .     (shield restricted)
rPois  .         Spirit   .     (helmet restricted)
rElec  .         Reflect  .     a - +0 cloak
rCorr  .         Harm     .     (gloves unavailable)
MR     .....                    (boots unavailable)
Stlth  ++++......               (no amulet)
                                (no ring)
                                (no ring)

@: very quick
A: unfitting armour, see invisible, herbivore 3, speed 3, slow metabolism 2
a: no special abilities


You were on level 3 of the Dungeon.
You were not hungry.

You visited 1 branch of the dungeon, and saw 3 of its levels.

You collected 116 gold pieces.

Inventory:

Hand Weapons
 i - a +2 dagger (weapon)
Armour
 a - a +0 cloak (worn)
 b - a +0 robe (worn)
Potions
 g - a potion of haste {unknown}
 h - a potion of ambrosia {unknown}
 j - a potion of agility {unknown}
Comestibles
 c - a bread ration


   Skills:
 - Level 2.4 Fighting
 + Level 4.1 Short Blades
 - Level 4.4 Dodging
 * Level 6.7 Stealth


You had 3 spell levels left.
You didn't know any spells.

Dungeon Overview and Level Annotations

Branches:
Dungeon (3/15)

Altars:
Yredelemnul


Innate Abilities, Weirdness & Mutations

You are very small and have problems with some larger weapons.
You are too small for most types of armour.
You have supernaturally acute eyesight. (SInv)
You are a herbivore.
You cover ground extremely quickly.
You need consume almost no food.


Message History

A bat comes into view.
The helpless bat fails to defend itself.
You perforate the bat like a sieve!!!
You kill the bat!
A gnoll comes into view. It is wielding a whip.
A gnoll comes into view. It is wielding a halberd.
Found a meat ration.
The helpless gnoll fails to defend itself.
You perforate the gnoll like a sieve!!!
You kill the gnoll!
Things that are here:
a whip; a gnoll corpse A gnoll comes into view.
It is wielding a spear.
The gnoll shouts! x2
The gnoll hits you with a halberd!
You hit the gnoll.
The gnoll is moderately wounded.
The gnoll barely misses you. The gnoll hits you with a halberd!
Ouch! That really hurt!
You die...

. #######.# #########
#.......#
#.......#####%......#
#...................#
#.......#####)......#
#.......# #@#####.#
#.......# #.gg.....
#.......# #.#####.#
#.......#####.#
#............%.
###.###.##....#.#
#.....#.##....#.#
#.....#.##....#.#
#.....#.##.[..#.#


You could see 2 gnolls.

Vanquished Creatures
  Crazy Yiuf (D:2)
  A gnoll (D:3)
  3 adders
  A worm (D:2)
  A dart slug (D:2)
  3 leopard geckos
  An orc (D:3)
  A ball python (D:1)
  2 giant cockroaches
  2 goblins (D:1)
  4 hobgoblins
  4 kobolds
  3 bats
  4 frilled lizards
  6 rats
37 creatures vanquished.

Notes
Turn   | Place    | Note
-------+----------+-------------------------------------------
     0 | D:1      | Melicamp the Spriggan Monk began the quest for the Orb.
     0 | D:1      | Reached XP level 1. HP: 11/11 MP: 2/2
   849 | D:1      | Reached skill level 4 in Stealth
   864 | D:1      | Reached XP level 2. HP: 10/16 MP: 3/3
  1442 | D:2      | Reached XP level 3. HP: 17/19 MP: 4/4
  1456 | D:2      | Found a faded altar of an unknown god.
  1472 | D:2      | Reached skill level 5 in Stealth
  2225 | D:2      | Found a runed door.
  2327 | D:2      | Noticed Crazy Yiuf
  2331 | D:2      | Killed Crazy Yiuf
  2331 | D:2      | Reached skill level 6 in Stealth
  2331 | D:2      | Reached XP level 4. HP: 23/23 MP: 5/5
  2700 | D:3      | Found a basalt altar of Yredelemnul.
  2828 | D:3      | Slain by a gnoll

Skill      XL: |  1  2  3 |
---------------+----------+-----
Stealth        | 4 6 |  6.7
Short Blades   | 4 |  4.1
Fighting       | |  2.4
Dodging        | |  4.4

Action                   |  1- 3 |  4- 6 || total
-------------------------+-------+-------++-------
Melee: Short sword       |    46 |       ||    46
       Dagger            |   121 |    15 ||   136
  Use: Scroll            |     4 |     3 ||     7
 Stab: Sleeping          |     6 |     6 ||    12
Armor: Robe              |    12 |       ||    12
Dodge: Dodged            |   129 |     4 ||   133
